 Dungeon Sprint DCSS version 0.27.1-1-g398f81649c (webtiles) character file.

Game seed: 12825415603104849552

25 ugugthedestroyer the Shield-Bearer (level 3, -2/31 HPs)
             Began as a Formicid Fighter on Sept 7, 2021.
             Drowned by a water elemental (7 damage)
             ... in the Dungeon (Sprint III: "The Ten Rune Challenge").
             The game lasted 00:01:38 (273 turns).

ugugthedestroyer the Shield-Bearer (FoFi)            Turns: 273, Time: 00:01:39

Health: -2/31      AC:  9    Str: 21    XL:     3   Next: 17%
Magic:  3/3        EV:  8    Int:  9    God:
Gold:   12         SH: 10    Dex: 10    Spells: 2/2 levels left

rFire    . . .     SeeInvis +   a - +0 long sword
rCold    . . .     Faith    .   c - +0 kite shield
rNeg     . . .     Spirit   .   b - +0 scale mail
rPois    .         Reflect  .   (helmet unavailable)
rElec    .         Harm     .   (no cloak)
rCorr    .         Rampage  .   (no gloves)
Will     .....                  (no boots)
Stlth    ..........             (no amulet)
HPRegen  0.10/turn              (no ring)
MPRegen  0.08/turn              (no ring)

@: engulfed (cannot breathe), flying
A: permanent stasis, dig shafts and tunnels, antennae 3, four strong arms,
iridescent scales 1, clever 1
a: Dig


You were in the Dungeon.
You visited 1 branch You collected 12 gold pieces.

Inventory:

Hand Weapons
 a - a +0 long sword (weapon)
Armour
 b - a +0 scale mail (worn)
 c - a +0 kite shield (worn)
Scrolls
 d - 2 scrolls of torment {unknown}
 f - 4 scrolls of identify {unknown}
Potions
 g - 2 potions of magic
 h - a potion of flight
 i - 4 potions of mutation


   Skills:
 + Level 4.7 Fighting
 + Level 2.7 Long Blades
 + Level 4.6 Armour
 + Level 5.3 Shields


You had 2 spell levels left.
You didn't know any spells.
Your spell library was empty.

Dungeon Overview and Level Annotations

Branches:
Dungeon (1/1)

Altars:


Innate Abilities, Weirdness & Mutations

You cannot be hasted, slowed, berserked, paralysed or teleported.
You can dig through walls and to a lower floor.
You have a pair of large antennae on your head. (SInv)
Your four strong arms can wield two-handed weapons with a shield.
You are partially covered in iridescent scales. (AC +2)
Your mind is acute. (Int +2)


Message History

Really quaff the potion of mutation?
You feel extremely strange.
You feel clever.
Iridescent scales grow over part of your body.
There is an open door here.
Number of times to repeat, then command key: 100 Command repetition interrupted.
You feel a little less mighty now.
Number of times to repeat, then command key: 100 Number of times to repeat, then command key: 100 HP restored You open the door.
A water elemental comes into view.
Okay, then.
You block the water elemental's attack.
You barely miss the water elemental.
You block the water elemental's attack. x2
You slash the water elemental!
The water elemental is moderately damaged.
The water elemental hits you.
You barely miss the water elemental.
The water elemental is moderately damaged.
The water elemental hits you!!
Ouch! That really hurt!
The water elemental engulfs you in water!
You slash the water elemental!
The water elemental is heavily damaged.
* * * LOW HITPOINT WARNING * * *
Your lungs strain for air!
You block the water elemental's attack. x2
You feel better.
* * * LOW HITPOINT WARNING * * *
Your lungs strain for air!
The water elemental hits you.
You feel better.
* * * LOW HITPOINT WARNING * * *
Your lungs strain for air!
The water elemental barely misses you.
You feel very buoyant.
You fly up into the air.
You die...

▓▓▓▓▓▓▓▓ ▓▓▓ <..#(..####
##.# ...#......#####..#
..##...†...#..#..#{
##.##.##...#..#..# #+#+#
##.##.###..##'#..#......
#.####.##..###..@E.⌠....
.###..##..####...#...###
#.....##..###....# ⌠.#{
###..##...##.....# .#
##..##....#......# #
#..###..##.#.....# {{
#(.# #..#####....# ▓▓▓▓
▓▓▓▓ ▓▓▓▓▓▓ { {{


You could see a water elemental.

Vanquished Creatures
  A human (D)
  A phantom (D)
  2 endoplasms (D)
  2 rats (D)
6 creatures vanquished.

Notes
Turn   | Place    | Note
-------+----------+-------------------------------------------
     0 | D        | ugugthedestroyer the Formicid Fighter began the quest for
                  | the Orb.
     0 | D        | Reached XP level 1. HP: 18/18 MP: 1/1
    13 | D        | Reached skill level 4 in Shields
    64 | D        | Reached skill level 5 in Shields
    64 | D        | Reached XP level 2. HP: 15/26 MP: 2/2
    64 | D        | Reached XP level 3. HP: 18/31 MP: 3/3
    93 | D        | Gained mutation: Your mind is acute. (Int +2) [potion of
                  | mutation]
    93 | D        | Gained mutation: You are partially covered in iridescent
                  | scales. (AC +2) [potion of mutation]
   264 | D        | Noticed a water elemental
   273 | D        | Drowned by a water elemental

Illustrated notes

Levels and vault maps discovered:
D:        dungeon_sprint_mu [sprint_mu_entry_cave, sprint_mu_temple_rooms,
          sprint_mu_d1_horrors, sprint_mu_d2_genie, sprint_mu_d3_branching,
          sprint_mu_orc_legion, sprint_mu_elf_gauntlet, sprint_mu_hive_nellie,
          sprint_mu_lair_fedhas, sprint_mu_vaults_butterflies,
          sprint_mu_slime_circle, sprint_mu_shoals_archi,
          sprint_mu_snake_twists, sprint_mu_blade_basic,
          sprint_mu_crypt_chambers, sprint_mu_tomb_spiral,
          sprint_mu_vestibule_basic, sprint_mu_gehenna_hellfire,
          sprint_mu_dis_giant, sprint_mu_tartarus_statrot,
          sprint_mu_cocytus_islands, sprint_mu_zot1]

Skill      XL: |  1 |
---------------+----+-----
Shields        | 5 |  5.3
Fighting       | 4 |  4.7
Armour         | 4 |  4.6
Long Blades    | |  2.7

Action                   || total
-------------------------++-------
Melee: Long sword        ||    21
  Use: Potion            ||     6
Armor: Scale mail        ||    14
Dodge: Dodged            ||     6
Block: Kite shield       ||    15
       Rpst.: Long sword ||     2
